General information
- name: BNet
- type: Ladder team game (AT/RT)
- host: Battle.net
- saver: LilHeathen
map: Deadlands
- players: 8
- length: 71:40
- speed: Fast
- version: 1.27 W3XP
- replay type: Public
» download(451 KB)
Players
team 1 (winner)
LilHeathen (
blue | 53 APM | 3798 actions | 71:40)
9 Blood Mage
3 Flame Strike
3 Siphon Mana
1 Summon Phoenix
2 Banish
1 Blademaster
1 Bladestorm
» actions
| Assign group hotkey | 97 | |
| Basic commands | 51 | |
| Build / train | 123 | |
| Enter build submenu | 47 | |
| Enter hero's abilities submenu | 11 | |
| Give item / drop item | 4 | |
| Remove unit from queue | 9 | |
| Right click | 2129 | |
| Select / deselect | 731 | |
| Select group hotkey | 357 | |
| Use ability | 239 | |
3798 total
» units
| Peasant | 21 | |
| Footman | 4 | |
| Goblin Shredder | 2 | |
| Sorceress | 4 | |
| Flying Machine | 7 | |
| Mortar Team | 6 | |
44 total
» upgrades
| Masonry | 3 | |
| Sorceress Training | 1 | |
| Magic Sentry | 1 | |
| Lumber Harvesting | 1 | |
| Plating | 2 | |
| Gunpowder | 2 | |
| Flak Cannons | 1 | |
| Flying Machine Bombs | 1 | |
| Fragmentation Shards | 1 | |
| Armor | 1 | |
| Flare | 1 | |
15 total
» buildings
| Altar of Kings | 1 | |
| Barracks | 1 | |
| Farm | 5 | |
| Scout Tower | 33 | |
| Arcane Tower | 1 | |
| Keep | 1 | |
| Lumber Mill | 1 | |
| Arcane Vault | 1 | |
| Town Hall | 2 | |
| Guard Tower | 12 | |
| Castle | 1 | |
| Arcane Sanctum | 1 | |
| Gryphon Aviary | 3 | |
| Blacksmith | 2 | |
| Workshop | 3 | |
68 total
» build order
00:44 Altar of Kings
00:47 Barracks
00:52 Farm
00:53 Farm
01:05 Farm
01:43 Farm
01:55 Scout Tower
03:09 Arcane Tower
03:29 Keep
03:46 Lumber Mill
04:10 Arcane Vault
04:43 Town Hall
04:46 Scout Tower
04:46 Scout Tower
04:47 Scout Tower
04:48 Scout Tower
05:20 Guard Tower
05:39 Scout Tower
05:39 Scout Tower
05:40 Scout Tower
08:32 Guard Tower
08:51 Castle
09:44 Arcane Sanctum
09:50 Scout Tower
09:50 Scout Tower
09:50 Scout Tower
10:22 Guard Tower
10:22 Guard Tower
10:23 Guard Tower
10:24 Guard Tower
10:25 Guard Tower
12:14 Farm
12:33 Scout Tower
12:35 Scout Tower
12:37 Scout Tower
12:38 Scout Tower
12:40 Scout Tower
13:56 Guard Tower
16:36 Gryphon Aviary
16:36 Gryphon Aviary
16:37 Gryphon Aviary
16:40 Blacksmith
16:41 Blacksmith
16:49 Scout Tower
16:49 Scout Tower
16:50 Scout Tower
16:50 Scout Tower
16:50 Scout Tower
16:51 Scout Tower
16:51 Scout Tower
16:52 Scout Tower
16:52 Scout Tower
16:52 Scout Tower
16:53 Scout Tower
16:56 Scout Tower
16:56 Scout Tower
16:56 Scout Tower
16:57 Scout Tower
16:57 Scout Tower
16:57 Scout Tower
17:54 Guard Tower
18:21 Workshop
18:22 Workshop
18:25 Workshop
18:55 Guard Tower
32:41 Town Hall
» items
| Scroll of Regeneration | 5 | |
| Potion of Invisibility | 2 | |
| Boots of Speed | 1 | |
| Periapt of Vitality | 2 | |
| Staff of Teleportation | 1 | |
| Scroll of Town Portal | 9 | |
| Potion of Healing | 3 | |
| Mechanical Critter | 2 | |
| Potion of Mana | 1 | |
| Lesser Clarity Potion | 2 | |
28 total
SUMMONSONLY. (
red | 79 APM | 3127 actions | 39:43)
6 Priestess of the Moon
3 Trueshot Aura
1 Scout
1 Searing Arrows
1 Starfall
6 Keeper of the Grove
3 Entangling Roots
2 Thorns Aura
1 Tranquility
5 Naga Sea Witch
3 Frost Arrows
2 Forked Lightning
» actions
| Assign group hotkey | 225 | |
| Build / train | 102 | |
| ESC pressed | 5 | |
| Enter build submenu | 23 | |
| Enter hero's abilities submenu | 18 | |
| Give item / drop item | 21 | |
| Remove unit from queue | 1 | |
| Right click | 1301 | |
| Select / deselect | 729 | |
| Select group hotkey | 552 | |
| Use ability | 150 | |
3127 total
» units
| Wisp | 12 | |
| Archer | 32 | |
| Hippogryph | 16 | |
60 total
» upgrades
| Improved Bows | 1 | |
| Hippogryph Taming | 1 | |
| Strength of the Moon | 3 | |
| Marksmanship | 1 | |
| Nature's Blessing | 1 | |
| Moon Armor | 2 | |
9 total
» buildings
| Altar of Elders | 1 | |
| Moon Well | 9 | |
| Ancient of War | 1 | |
| Tree of Ages | 1 | |
| Ancient of Wind | 2 | |
| Tree of Eternity | 1 | |
| Hunter's Hall | 1 | |
| Ancient of Wonders | 2 | |
| Tree of Life | 2 | |
20 total
» build order
00:17 Altar of Elders
00:32 Moon Well
01:14 Ancient of War
01:23 Moon Well
02:07 Tree of Ages
03:25 Moon Well
05:12 Ancient of Wind
05:13 Ancient of Wind
06:48 Moon Well
08:01 Moon Well
08:56 Moon Well
08:58 Tree of Eternity
09:18 Hunter's Hall
11:01 Moon Well
12:28 Moon Well
12:33 Ancient of Wonders
12:39 Tree of Life
15:55 Ancient of Wonders
20:07 Moon Well
20:18 Tree of Life
» items
| Scroll of Town Portal | 2 | |
| Potion of Healing | 5 | |
| Orb of Venom | 1 | |
| Scroll of Speed | 1 | |
9 total

»
EnSabahNur (
yellow | 35 APM | 2128 actions | 60:04)
5 Blademaster
2 Wind Walk
3 Critical Strike
4 Shadow Hunter
2 Hex
2 Healing Wave
4 Tauren Chieftain
2 War Stomp
2 Endurance Aura
» actions
| Assign group hotkey | 16 | |
| Basic commands | 21 | |
| Build / train | 94 | |
| ESC pressed | 10 | |
| Enter build submenu | 40 | |
| Enter hero's abilities submenu | 14 | |
| Remove unit from queue | 2 | |
| Right click | 1078 | |
| Select / deselect | 338 | |
| Select group hotkey | 362 | |
| Use ability | 153 | |
2128 total
» units
| Peon | 15 | |
| Wind Rider | 13 | |
| Raider | 3 | |
| Troll Batrider | 11 | |
42 total
» upgrades
| Ranged Weapons | 3 | |
| Pillage | 1 | |
| Melee Weapons | 2 | |
| Armor | 2 | |
| Ensnare | 1 | |
| Spiked Barricades | 2 | |
| Liquid Fire | 1 | |
| Envenomed Spears | 1 | |
| Reinforced Defenses | 1 | |
14 total
» buildings
| Altar of Storms | 1 | |
| Orc Burrow | 9 | |
| Voodoo Lounge | 1 | |
| Stronghold | 1 | |
| War Mill | 3 | |
| Beastiary | 4 | |
| Watch Tower | 27 | |
| Fortress | 1 | |
| Great Hall | 3 | |
50 total
» build order
00:17 Altar of Storms
00:33 Orc Burrow
00:53 Voodoo Lounge
01:55 Stronghold
02:03 War Mill
02:23 Orc Burrow
04:50 Beastiary
04:52 Beastiary
04:58 Watch Tower
05:00 Watch Tower
05:09 Watch Tower
07:22 Orc Burrow
09:19 Orc Burrow
11:45 Fortress
14:38 Orc Burrow
14:46 Orc Burrow
17:58 Beastiary
18:56 Beastiary
27:52 Great Hall
27:56 Watch Tower
27:58 Watch Tower
27:59 Watch Tower
28:01 Watch Tower
28:03 Watch Tower
28:04 Watch Tower
28:05 Watch Tower
28:06 Watch Tower
28:58 Watch Tower
29:14 Watch Tower
30:48 War Mill
41:27 Great Hall
42:04 Great Hall
42:11 Orc Burrow
45:20 War Mill
46:26 Orc Burrow
46:31 Orc Burrow
47:00 Watch Tower
47:02 Watch Tower
47:07 Watch Tower
47:10 Watch Tower
47:11 Watch Tower
47:13 Watch Tower
47:14 Watch Tower
47:16 Watch Tower
47:18 Watch Tower
47:19 Watch Tower
47:21 Watch Tower
47:23 Watch Tower
47:24 Watch Tower
47:26 Watch Tower
» items
| Healing Salve | 2 | |
| Lesser Clarity Potion | 2 | |
| Scroll of Speed | 1 | |
| Boots of Speed | 1 | |
| Periapt of Vitality | 1 | |
| Scroll of Town Portal | 4 | |
| Orb of Lightning | 3 | |
| Potion of Healing | 3 | |
| Staff of Teleportation | 1 | |
18 total
LongTKList (
purple | 28 APM | 1866 actions | 66:36)
3 Archmage
1 Blizzard
2 Summon Water Elemental
2 Paladin
1 Holy Light
1 Divine Shield
» actions
| Basic commands | 69 | |
| Build / train | 95 | |
| Enter build submenu | 53 | |
| Enter hero's abilities submenu | 5 | |
| Give item / drop item | 2 | |
| Remove unit from queue | 4 | |
| Right click | 699 | |
| Select / deselect | 801 | |
| Use ability | 138 | |
1866 total
» units
| Peasant | 33 | |
| Footman | 3 | |
| Rifleman | 6 | |
| Siege Engine | 7 | |
| Mortar Team | 2 | |
| Knight | 2 | |
53 total
» upgrades
| Masonry | 1 | |
| Gunpowder | 1 | |
| Long Rifles | 1 | |
| Magic Sentry | 1 | |
| Fragmentation Shards | 1 | |
| Flare | 1 | |
| Barrage | 1 | |
| Plating | 2 | |
| Animal War Training | 1 | |
| Lumber Harvesting | 1 | |
11 total
» buildings
| Farm | 9 | |
| Altar of Kings | 2 | |
| Scout Tower | 12 | |
| Lumber Mill | 1 | |
| Guard Tower | 7 | |
| Arcane Tower | 4 | |
| Barracks | 2 | |
| Arcane Vault | 1 | |
| Keep | 1 | |
| Blacksmith | 1 | |
| Castle | 1 | |
| Arcane Sanctum | 1 | |
| Workshop | 6 | |
| Town Hall | 2 | |
50 total
» build order
00:27 Farm
00:32 Altar of Kings
00:45 Scout Tower
01:01 Lumber Mill
01:10 Farm
01:44 Scout Tower
01:51 Farm
02:16 Scout Tower
02:20 Guard Tower
02:23 Scout Tower
02:40 Farm
02:52 Arcane Tower
03:28 Scout Tower
03:47 Arcane Tower
03:52 Scout Tower
03:57 Arcane Tower
04:05 Barracks
04:10 Scout Tower
04:19 Scout Tower
04:23 Guard Tower
05:05 Arcane Tower
05:34 Guard Tower
05:42 Arcane Vault
06:04 Scout Tower
06:59 Guard Tower
07:02 Keep
07:22 Blacksmith
07:29 Farm
08:38 Scout Tower
08:46 Scout Tower
08:50 Scout Tower
08:55 Barracks
09:09 Guard Tower
09:15 Guard Tower
09:26 Farm
09:31 Farm
10:18 Guard Tower
11:20 Castle
11:40 Arcane Sanctum
12:55 Workshop
13:01 Workshop
13:11 Workshop
18:23 Workshop
19:04 Town Hall
20:21 Workshop
20:27 Workshop
47:39 Farm
59:35 Town Hall
61:07 Altar of Kings
61:16 Farm
» items
| Scroll of Town Portal | 3 | |
| Scroll of Regeneration | 1 | |
| Orb of Fire | 2 | |
6 total
team 2 (loser)

»
ElChapo-Tunnel (
pink | 46 APM | 3316 actions | 71:39)
8 Blademaster
3 Wind Walk
3 Critical Strike
1 Bladestorm
1 Mirror Image
» actions
| Basic commands | 2181 | |
| Build / train | 103 | |
| ESC pressed | 21 | |
| Enter build submenu | 22 | |
| Enter hero's abilities submenu | 8 | |
| Give item / drop item | 2 | |
| Remove unit from queue | 5 | |
| Right click | 5 | |
| Select / deselect | 774 | |
| Use ability | 195 | |
3316 total
» units
| Peon | 16 | |
| Troll Batrider | 7 | |
| Raider | 31 | |
| Troll Witch Doctor | 7 | |
61 total
» upgrades
| Pillage | 1 | |
| Ranged Weapons | 3 | |
| Armor | 3 | |
| Liquid Fire | 1 | |
| Ensnare | 1 | |
| Witch Doctor Training | 2 | |
| Reinforced Defenses | 1 | |
| Melee Weapons | 1 | |
13 total
» buildings
| Altar of Storms | 1 | |
| Orc Burrow | 8 | |
| Voodoo Lounge | 1 | |
| War Mill | 1 | |
| Stronghold | 1 | |
| Fortress | 1 | |
| Beastiary | 2 | |
| Watch Tower | 3 | |
| Spirit Lodge | 1 | |
| Great Hall | 4 | |
23 total
» build order
00:15 Altar of Storms
00:24 Orc Burrow
00:56 Voodoo Lounge
01:24 Orc Burrow
01:59 War Mill
03:05 Stronghold
03:28 Orc Burrow
05:43 Fortress
05:46 Beastiary
05:54 Beastiary
06:24 Orc Burrow
11:12 Orc Burrow
12:01 Watch Tower
13:41 Spirit Lodge
13:48 Orc Burrow
19:28 Watch Tower
20:36 Watch Tower
49:19 Great Hall
49:37 Great Hall
58:28 Great Hall
65:04 Orc Burrow
70:07 Orc Burrow
70:17 Great Hall
» items
| Healing Salve | 6 | |
| Lesser Clarity Potion | 1 | |
| Orb of Lightning | 1 | |
| Potion of Healing | 1 | |
| Scroll of Speed | 1 | |
| Rod of Necromancy | 1 | |
| Boots of Speed | 1 | |
| Potion of Invisibility | 1 | |
| Circlet of Nobility | 1 | |
14 total
tkaektn00 (
teal | 65 APM | 4687 actions | 71:39)
8 Blademaster
3 Wind Walk
3 Critical Strike
1 Bladestorm
1 Mirror Image
6 Shadow Hunter
3 Hex
2 Healing Wave
1 Big Bad Voodoo
» actions
| Assign group hotkey | 46 | |
| Basic commands | 123 | |
| Build / train | 115 | |
| ESC pressed | 5 | |
| Enter build submenu | 19 | |
| Enter hero's abilities submenu | 15 | |
| Give item / drop item | 6 | |
| Remove unit from queue | 2 | |
| Right click | 1971 | |
| Select / deselect | 467 | |
| Select group hotkey | 1711 | |
| Use ability | 207 | |
4687 total
» units
| Peon | 43 | |
| Wind Rider | 10 | |
| Shaman | 6 | |
59 total
» upgrades
| Envenomed Spears | 1 | |
| Shaman Training | 2 | |
| Ranged Weapons | 2 | |
5 total
» buildings
| Altar of Storms | 1 | |
| Orc Burrow | 9 | |
| Barracks | 1 | |
| Voodoo Lounge | 1 | |
| Stronghold | 1 | |
| War Mill | 1 | |
| Fortress | 2 | |
| Beastiary | 2 | |
| Spirit Lodge | 2 | |
| Great Hall | 1 | |
21 total
» build order
00:20 Altar of Storms
00:36 Orc Burrow
00:50 Barracks
01:41 Voodoo Lounge
02:52 Stronghold
03:01 Orc Burrow
03:59 War Mill
05:17 Fortress
05:19 Beastiary
05:21 Beastiary
06:43 Orc Burrow
06:45 Orc Burrow
07:18 Spirit Lodge
07:18 Spirit Lodge
09:15 Orc Burrow
18:54 Orc Burrow
18:54 Orc Burrow
18:55 Orc Burrow
33:26 Great Hall
50:08 Orc Burrow
» items
| Healing Salve | 5 | |
| Lesser Clarity Potion | 13 | |
| Orb of Lightning | 1 | |
| Tiny Great Hall | 4 | |
| Scroll of Speed | 1 | |
| Scroll of Town Portal | 5 | |
| Staff of Teleportation | 1 | |
30 total

»
Krelian (
orange | 43 APM | 3062 actions | 71:39)
5 Blademaster
2 Wind Walk
3 Critical Strike
4 Tauren Chieftain
2 Endurance Aura
2 War Stomp
» actions
| Assign group hotkey | 18 | |
| Build / train | 161 | |
| Enter build submenu | 69 | |
| Enter hero's abilities submenu | 9 | |
| Right click | 1938 | |
| Select / deselect | 609 | |
| Select group hotkey | 81 | |
| Use ability | 177 | |
3062 total
» units
| Peon | 52 | |
| Grunt | 6 | |
| Troll Headhunter/Berserker | 34 | |
| Shaman | 12 | |
| Troll Witch Doctor | 4 | |
| Demolisher | 13 | |
121 total
» upgrades
| Pillage | 1 | |
| Berserker Strength | 1 | |
| Armor | 2 | |
| Ranged Weapons | 3 | |
| Melee Weapons | 1 | |
| Troll Regeneration | 1 | |
| Shaman Training | 2 | |
| Witch Doctor Training | 2 | |
| Berserker Upgrade | 1 | |
| Burning Oil | 1 | |
15 total
» buildings
| Altar of Storms | 1 | |
| Orc Burrow | 7 | |
| Voodoo Lounge | 1 | |
| Barracks | 1 | |
| War Mill | 1 | |
| Stronghold | 1 | |
| Fortress | 1 | |
| Spirit Lodge | 2 | |
| Watch Tower | 45 | |
| Great Hall | 3 | |
63 total
» build order
00:07 Altar of Storms
00:29 Orc Burrow
01:02 Voodoo Lounge
01:25 Barracks
01:52 Orc Burrow
02:22 Orc Burrow
04:03 Orc Burrow
05:23 War Mill
05:25 Stronghold
08:06 Fortress
08:12 Spirit Lodge
09:27 Spirit Lodge
10:45 Orc Burrow
11:52 Orc Burrow
12:55 Orc Burrow
18:23 Watch Tower
18:29 Watch Tower
19:39 Watch Tower
20:17 Watch Tower
31:17 Watch Tower
31:19 Watch Tower
31:47 Watch Tower
31:50 Watch Tower
32:39 Watch Tower
33:27 Watch Tower
34:10 Watch Tower
35:36 Watch Tower
35:40 Watch Tower
35:42 Watch Tower
35:50 Watch Tower
36:42 Watch Tower
36:48 Watch Tower
36:53 Watch Tower
37:26 Watch Tower
37:29 Watch Tower
37:53 Watch Tower
38:16 Watch Tower
39:22 Watch Tower
41:39 Watch Tower
42:07 Watch Tower
42:09 Watch Tower
42:20 Watch Tower
42:50 Watch Tower
42:52 Watch Tower
44:28 Great Hall
49:02 Watch Tower
51:25 Watch Tower
51:41 Watch Tower
53:09 Watch Tower
54:17 Watch Tower
55:54 Watch Tower
58:11 Watch Tower
58:18 Watch Tower
59:47 Watch Tower
62:39 Great Hall
62:49 Watch Tower
64:06 Great Hall
66:34 Watch Tower
66:50 Watch Tower
67:43 Watch Tower
68:06 Watch Tower
68:15 Watch Tower
68:23 Watch Tower
» items
| Healing Salve | 3 | |
| Lesser Clarity Potion | 3 | |
| Orb of Lightning | 1 | |
| Tiny Great Hall | 3 | |
| Scroll of Town Portal | 1 | |
11 total
powerpower (
green | 84 APM | 6033 actions | 71:39)
6 Death Knight
2 Death Coil
3 Unholy Aura
1 Animate Dead
7 Lich
3 Frost Nova
3 Frost Armor
1 Death and Decay
» actions
| Assign group hotkey | 52 | |
| Basic commands | 913 | |
| Build / train | 126 | |
| Enter build submenu | 22 | |
| Enter hero's abilities submenu | 14 | |
| Give item / drop item | 4 | |
| Right click | 2902 | |
| Select / deselect | 420 | |
| Select group hotkey | 1404 | |
| Use ability | 176 | |
6033 total
» units
| Acolyte | 23 | |
| Ghoul | 9 | |
| Crypt Fiend | 8 | |
| Frost Wyrm | 6 | |
46 total
» upgrades
| Web | 1 | |
| Creature Attack | 1 | |
| Freezing Breath | 1 | |
3 total
» buildings
| Ziggurat | 8 | |
| Graveyard | 1 | |
| Crypt | 1 | |
| Tomb of Relics | 1 | |
| Nerubian Tower | 2 | |
| Altar of Darkness | 1 | |
| Spirit Tower | 21 | |
| Halls of the Dead | 4 | |
| Sacrificial Pit | 1 | |
| Black Citadel | 6 | |
| Boneyard | 3 | |
49 total
» build order
00:21 Ziggurat
00:28 Graveyard
00:44 Crypt
01:09 Tomb of Relics
01:18 Nerubian Tower
01:18 Nerubian Tower
01:26 Ziggurat
01:46 Altar of Darkness
02:50 Spirit Tower
02:50 Spirit Tower
03:23 Halls of the Dead
03:23 Halls of the Dead
03:24 Halls of the Dead
03:58 Ziggurat
05:39 Spirit Tower
05:40 Spirit Tower
05:51 Sacrificial Pit
06:36 Black Citadel
06:36 Black Citadel
06:37 Black Citadel
06:37 Black Citadel
07:11 Ziggurat
07:16 Ziggurat
08:12 Spirit Tower
09:44 Boneyard
10:00 Boneyard
10:05 Boneyard
12:44 Ziggurat
13:09 Ziggurat
13:54 Spirit Tower
13:54 Spirit Tower
14:21 Spirit Tower
14:21 Spirit Tower
14:22 Spirit Tower
14:22 Spirit Tower
23:08 Ziggurat
23:11 Spirit Tower
23:12 Spirit Tower
» items
| Potion of Healing | 2 | |
| Orb of Corruption | 1 | |
| Scroll of Town Portal | 2 | |
| Potion of Lesser Invulnerability | 1 | |
6 total
Chat log
(02:54 / Allies) EnSabahNur: sigh
(02:56 / Allies) EnSabahNur: rotten luck
(02:56 / Allies) SUMMONSONLY.: gg
(03:04 / All) SUMMONSONLY.: cancel
(03:09 / Allies) SUMMONSONLY.: cancel
(03:10 / Allies) SUMMONSONLY.: genius
(03:31 / Allies) EnSabahNur: stop
(03:33 / Allies) EnSabahNur: stop
(03:34 / Allies) EnSabahNur: stop
(04:21 / Allies) EnSabahNur: 3 bm
(04:22 / Allies) EnSabahNur: coming
(04:31 / Allies) EnSabahNur: this is over
(04:37 / Allies) SUMMONSONLY.: brt
(04:53 / Allies) SUMMONSONLY.: hows it over
(04:54 / Allies) SUMMONSONLY.: lol
(05:17 / Allies) SUMMONSONLY.: gj with the towers at least
(05:52 / All) SUMMONSONLY.: LOL
(06:45 / Allies) LilHeathen: can I have that
(06:46 / Allies) LilHeathen: pendant
(06:51 / Allies) SUMMONSONLY.: need it for keeper
(06:53 / Allies) LilHeathen: or sobi
(07:01 / Allies) LilHeathen: lawl
(07:03 / Allies) SUMMONSONLY.: trust me
(07:04 / Allies) SUMMONSONLY.: with it
(07:10 / Allies) LilHeathen: mher
(07:19 / Allies) SUMMONSONLY.: me?
(07:22 / Allies) LilHeathen: orange
(07:26 / Allies) LilHeathen: but
(07:27 / Allies) LilHeathen: you're a cocksucker
(07:30 / Allies) LilHeathen: taking both mana items
(08:03 / Allies) SUMMONSONLY.: u have aura
(08:05 / Allies) SUMMONSONLY.: u dont need that shit
(08:07 / Allies) SUMMONSONLY.: first of all
(08:09 / Allies) LilHeathen: I'm getting blood mage
(08:14 / Allies) LilHeathen: what mana do I have on a blood mage
(08:19 / Allies) SUMMONSONLY.: get a am
(08:22 / Allies) LilHeathen: lol
(08:24 / Allies) LilHeathen: you have
(08:25 / Allies) LilHeathen: moonwells
(08:27 / Allies) LilHeathen: first of all
(08:44 / Allies) EnSabahNur: calm down lol
(08:49 / Allies) SUMMONSONLY.: yea for health :)
(08:55 / Allies) LilHeathen: and mana
(10:37 / All) SUMMONSONLY.: yea run
(11:25 / Allies) LilHeathen: pendant or sobi would be great right about now
(11:38 / Allies) SUMMONSONLY.: fine
(11:40 / Allies) EnSabahNur: rofl gj
(11:40 / Allies) SUMMONSONLY.: jesus
(11:41 / Allies) SUMMONSONLY.: christ
(11:51 / Allies) SUMMONSONLY.: tp to me
(11:57 / Allies) LilHeathen: ty
(12:43 / Allies) EnSabahNur: im about to head there after last raider
(12:57 / Allies) EnSabahNur: aka now
(13:08 / Allies) EnSabahNur: LOL
(13:12 / Allies) EnSabahNur: he didnt even kill hippo
(13:25 / All) SUMMONSONLY.: nice bats bro
(15:27 / Allies) SUMMONSONLY.: nows a good time
(16:21 / Allies) EnSabahNur: wow
(16:23 / Allies) EnSabahNur: sigh
(16:24 / Allies) SUMMONSONLY.: tp now
(16:25 / Allies) SUMMONSONLY.: wtf
(16:31 / Allies) EnSabahNur: we died noob
(16:33 / Allies) EnSabahNur: they hitting me
(18:01 / All) powerpower: gold
(19:04 / Allies) EnSabahNur: ty
(19:48 / Allies) LilHeathen: what should I get
(21:12 / All) LilHeathen: oh shit
(21:13 / All) LilHeathen: lawl
(21:14 / All) LilHeathen: my hero
(21:18 / Allies) SUMMONSONLY.: tping
(21:18 / All) powerpower: bye blue
(21:20 / Allies) SUMMONSONLY.: come with me
(21:37 / All) powerpower: red u dont talk more?
(22:06 / All) SUMMONSONLY.: what lol
(22:36 / Allies) EnSabahNur: blue we need some units lol
(22:58 / Allies) SUMMONSONLY.: gold
(23:00 / Allies) SUMMONSONLY.: blue
(23:20 / All) powerpower: red no talk anymore
(23:29 / All) SUMMONSONLY.: didnt i just own 3 heroes?
(23:33 / All) SUMMONSONLY.: lol
(23:58 / Allies) SUMMONSONLY.: hit their expos plz
(24:04 / Allies) EnSabahNur: i been trying to
(24:04 / All) LilHeathen: BURNING
(24:05 / Allies) EnSabahNur: lol
(24:07 / All) LilHeathen: TO AVENGE
(25:03 / Allies) SUMMONSONLY.: repair
(25:03 / Allies) SUMMONSONLY.: now
(25:27 / All) SUMMONSONLY.: yes green?
(25:31 / All) SUMMONSONLY.: talk to me
(25:48 / All) EnSabahNur: did it die?
(25:51 / Allies) SUMMONSONLY.: blue wtf
(25:57 / Allies) SUMMONSONLY.: gusy blind?
(26:24 / Allies) SUMMONSONLY.: gold now
(26:35 / Allies) SUMMONSONLY.: b to towers
(26:47 / Allies) SUMMONSONLY.: need gold
(26:55 / Allies) LilHeathen: have none
(27:03 / Allies) SUMMONSONLY.: kill sh
(27:28 / Allies) SUMMONSONLY.: heaeal me fool
(27:52 / Allies) SUMMONSONLY.: y u guys so slow
(27:56 / Allies) SUMMONSONLY.: stay wiht me
(27:59 / Allies) SUMMONSONLY.: yellow wtf r u doin
(28:15 / Allies) EnSabahNur: no red
(28:24 / Allies) EnSabahNur: ....
(28:31 / Allies) LilHeathen: red he's already building
(28:36 / Allies) LilHeathen: take my old one
(28:44 / Allies) SUMMONSONLY.: gold now
(28:58 / Allies) SUMMONSONLY.: for hero
(29:26 / Allies) SUMMONSONLY.: fuckin bbitch
(30:46 / Allies) SUMMONSONLY.: hes alone
(30:47 / Allies) SUMMONSONLY.: fuclkign go
(30:51 / Allies) SUMMONSONLY.: go blye
(30:53 / Allies) SUMMONSONLY.: sned copter
(31:02 / Allies) EnSabahNur: green too
(31:04 / Allies) EnSabahNur: not alone
(31:09 / Allies) SUMMONSONLY.: sh
(31:10 / Allies) SUMMONSONLY.: sh
(31:10 / Allies) SUMMONSONLY.: sh
(31:11 / Allies) SUMMONSONLY.: sh
(31:49 / Allies) SUMMONSONLY.: gold
(31:51 / Allies) SUMMONSONLY.: for po0tm
(32:20 / Allies) SUMMONSONLY.: 100 more
(33:02 / Allies) EnSabahNur: to me
(33:07 / Allies) EnSabahNur: to me
(33:14 / Allies) LongTKList: no heroes
(33:15 / Allies) SUMMONSONLY.: heal
(33:20 / Allies) EnSabahNur: get in range then fgt
(33:29 / Allies) EnSabahNur: u run away and say heal
(33:33 / Allies) SUMMONSONLY.: b
(33:33 / Allies) SUMMONSONLY.: b
(33:37 / Allies) SUMMONSONLY.: too many
(34:00 / Allies) SUMMONSONLY.: why u tell me to take ur old mine then jesus
(34:06 / Allies) LilHeathen: you took forever lawl
(34:09 / Allies) LilHeathen: I
(34:12 / Allies) SUMMONSONLY.: its a fuckign treant
(34:15 / Allies) LilHeathen: I gave you all my gold so I didn't have enough for tp
(34:16 / Allies) SUMMONSONLY.: its slow
(34:31 / Allies) LongTKList: well get our expos
(34:33 / Allies) EnSabahNur: most people just build new
(34:34 / Allies) LilHeathen: goddamn
(34:36 / Allies) EnSabahNur: dont run old one
(34:37 / Allies) LilHeathen: I shouldn't have built it
(34:44 / Allies) LilHeathen: 200 gold
(34:52 / Allies) LilHeathen: for bm
(35:07 / Allies) SUMMONSONLY.: we lost
(35:07 / Allies) LilHeathen: 200 gold?
(35:21 / Allies) LilHeathen: really buddy
(35:31 / Allies) LilHeathen: How much did I give out
(35:32 / Allies) SUMMONSONLY.: yup its over
(35:41 / Allies) LilHeathen: yellow 200 gold
(35:42 / Allies) SUMMONSONLY.: u also had units
(35:45 / Allies) SUMMONSONLY.: when we nee\ded it
(35:49 / Allies) SUMMONSONLY.: buddy
(35:53 / Allies) SUMMONSONLY.: protec tthis
(36:02 / Allies) SUMMONSONLY.: with evreryhitng
(36:05 / Allies) LilHeathen: oh so you're gonna blame it on me when I pooled 000s?
(36:16 / Allies) SUMMONSONLY.: omw to u yellow
(36:23 / Allies) SUMMONSONLY.: nbvm
(36:27 / Allies) SUMMONSONLY.: its a wrap
(37:00 / Allies) EnSabahNur: nothing here
(37:19 / Allies) LilHeathen: can I get gold for tp
(37:35 / Allies) SUMMONSONLY.: have nothing
(37:47 / Allies) EnSabahNur: why
(37:56 / Allies) LilHeathen: golz plzzzz
(37:58 / Allies) LilHeathen: 400 gold
(38:04 / Allies) SUMMONSONLY.: send peasatns
(38:05 / Allies) SUMMONSONLY.: to gatehr
(38:10 / Allies) LilHeathen: 15 gold
(38:17 / Allies) EnSabahNur: no red
(38:18 / Allies) EnSabahNur: stop
(38:20 / Allies) EnSabahNur: idiot
(38:29 / Allies) SUMMONSONLY.: stfu
(38:34 / Allies) EnSabahNur: suck it jew
(38:42 / Allies) SUMMONSONLY.: noob
(38:42 / Allies) LilHeathen: stop lawl
(38:44 / Allies) LilHeathen: stop
(38:44 / Allies) LilHeathen: stop
(38:46 / Allies) EnSabahNur: joo mad jew?
(38:47 / Allies) LilHeathen: it's not 100% over
(38:52 / Allies) LilHeathen: cmon man
(38:53 / Allies) EnSabahNur: yes it is
(38:58 / Allies) SUMMONSONLY.: gj
(38:59 / Allies) LilHeathen: we still have my base they only have 1 expo
(39:08 / Allies) SUMMONSONLY.: go ahead me
(39:10 / Allies) SUMMONSONLY.: kill me
(39:10 / Allies) SUMMONSONLY.: lol
(39:32 / Allies) SUMMONSONLY.: yellow is the worst
(39:34 / Allies) SUMMONSONLY.: 3 4 and 3
(39:35 / Allies) EnSabahNur: LOL
(39:36 / Allies) SUMMONSONLY.: lmao peace
(39:41 / Allies) SUMMONSONLY.: check score
(40:18 / Allies) LilHeathen: purple
(40:20 / Allies) LilHeathen: run those
(40:22 / Allies) LilHeathen: to mid their side
(41:16 / Allies) EnSabahNur: blue u make no units all game
(41:25 / Allies) LilHeathen: I had gyro
(41:35 / Allies) EnSabahNur: 10 gyro
(41:36 / Allies) EnSabahNur: all game
(41:39 / Allies) LilHeathen: so
(41:40 / Allies) LilHeathen: I'm level 7
(41:46 / Allies) LilHeathen: how'd I get it
(41:48 / Allies) LilHeathen: if I did nothing
(41:48 / Allies) EnSabahNur: so the fuck what?
(43:17 / Allies) LilHeathen: wish he built moonwells in my base
(44:16 / Allies) EnSabahNur: lol
(44:36 / Allies) EnSabahNur: please build
(44:42 / Allies) LilHeathen: build what
(44:48 / Allies) EnSabahNur: they got wyrms
(44:50 / Allies) EnSabahNur: and feinds
(44:56 / Allies) EnSabahNur: and oranges units
(45:23 / Allies) LilHeathen: not enough gold to counter all that
(45:39 / Allies) EnSabahNur: all that?
(45:44 / Allies) EnSabahNur: once greens army dies thats it
(45:49 / Allies) EnSabahNur: he isnt rebuilding
(45:54 / Allies) EnSabahNur: same for teals units
(45:59 / Allies) EnSabahNur: pink going noob raiders
(46:26 / Allies) LilHeathen: I'll get morts
(46:32 / Allies) LongTKList: well if you give me gold i cna rebuild inside blue
(47:49 / Allies) LongTKList: gold for heroes
(48:10 / Allies) EnSabahNur: rut roh
(48:10 / Allies) EnSabahNur: lol
(48:13 / Allies) EnSabahNur: they found meh
(48:38 / Allies) EnSabahNur: gryphs would be ideal imo
(48:44 / Allies) EnSabahNur: but ur set up for morts
(48:48 / Allies) LilHeathen: if I could get 80 food of them
(48:56 / Allies) LilHeathen: which would be like 3k
(48:56 / Allies) EnSabahNur: dont need 80 lol
(49:29 / Allies) LilHeathen: why
(49:37 / Allies) LilHeathen: thot they were hacking for a sec
(50:39 / Allies) EnSabahNur: rofl
(50:51 / Allies) LilHeathen: heal me
(51:18 / Allies) LongTKList: gold for hero tavern
(52:23 / Allies) LilHeathen: heal and golds?
(53:00 / Allies) LilHeathen: mo gold for morts?
(53:44 / Allies) LilHeathen: if I can get like 6 morts I can take out their halls easy
(54:11 / Allies) LilHeathen: orange has mh
(54:14 / Allies) EnSabahNur: aw they found my burrow
(54:16 / Allies) EnSabahNur: lol
(54:19 / Allies) LilHeathen: I think orange has mh
(55:03 / Allies) EnSabahNur: coming
(56:07 / All) LongTKList: gold for maikn pls
(56:13 / All) LilHeathen: lawl
(56:23 / All) LilHeathen: I had morts could have flashed
(56:26 / All) LilHeathen: -_-
(56:28 / All) LilHeathen: wasn't thinking
(56:28 / Allies) LongTKList: 400
(56:41 / All) LilHeathen: God
(56:43 / All) LilHeathen: Why didn't I flash
(56:49 / All) LilHeathen: forgot about my 3 morts
(57:26 / Allies) LilHeathen: 11 gold
(57:32 / Allies) LilHeathen: for flying machine
(57:54 / Allies) LongTKList: i have tons of peons, i can build if you give gold
(58:12 / Allies) EnSabahNur: u wont get main set up tho
(58:13 / Allies) EnSabahNur: cuz of mh
(58:16 / Allies) EnSabahNur: u gotta tower it too
(58:17 / All) LilHeathen: who has the mh on your team
(58:23 / Allies) LongTKList: id build it right here
(58:36 / All) LilHeathen: mark of a pussy
(58:36 / Allies) EnSabahNur: i can fund both of u...
(58:37 / All) LilHeathen: mh
(58:39 / Allies) EnSabahNur: off one mine
(58:44 / Allies) EnSabahNur: thats getting attacked
(59:12 / All) EnSabahNur: LOL
(59:36 / All) EnSabahNur: gg
(59:46 / All) powerpower: gg
(59:47 / All) powerpower: bye
(59:57 / All) EnSabahNur: stupid jew teammates
(61:03 / All) LilHeathen: I'm pretty convinced that orange has mh
(61:04 / All) tkaektn00: kill fuck blue
(61:06 / All) LilHeathen: Lol
(61:15 / All) powerpower: bye blue
(61:18 / All) powerpower: im playing orange
(61:32 / All) powerpower: no mh here
(61:53 / All) LilHeathen: whoops
(63:20 / All) powerpower: leave blue
(63:23 / All) LilHeathen: nope
(63:32 / All) powerpower: sureender to the power
(63:37 / All) powerpower: of real units
(63:39 / All) LilHeathen: nope
(63:44 / All) powerpower: lol
(63:51 / All) powerpower: uv choosen the way of pain
(63:59 / All) powerpower: terrible death for ya
(64:00 / Allies) LilHeathen: heal bm
(64:02 / Allies) LilHeathen: with pally
(64:13 / All) LilHeathen: nothing is as terrible as these allies
(64:20 / All) powerpower: hahah
(64:23 / Allies) LilHeathen: heal
(64:24 / All) powerpower: red thought he was the best
(65:19 / All) LilHeathen: can't get it to level 6 lol
(65:41 / All) powerpower: lol
(65:42 / All) powerpower: k
(65:48 / All) LilHeathen: level 6 bm and level 5 pally we'd be in business
(65:51 / All) LilHeathen: yellow killed off red
(65:54 / All) LilHeathen: they got catty
(65:59 / All) LilHeathen: sigh
(66:49 / All) LilHeathen: level 2 wind walk -_-
(67:03 / All) tkaektn00: blue where r u from?
(67:09 / All) LilHeathen: USA
(67:49 / All) powerpower: slow death for blue
(68:00 / All) powerpower: death and decay
(68:07 / All) powerpower: this is for my goldmine
(68:34 / All) powerpower: ah u were afk
(68:53 / All) tkaektn00: i will save this replay
(69:01 / All) powerpower: uff thats many towers
(69:16 / All) powerpower: i told orange to make more demos
(69:41 / All) Krelian: my resource score will be off the charts!
(69:52 / All) powerpower: lol
(69:53 / All) LilHeathen: Can't kill Arashicage that easy
(70:07 / All) LilHeathen: He won't give up that easy, no matter the odds
(70:10 / All) Krelian: blue
(70:15 / All) Krelian: my bf is mad at you
(70:21 / All) Krelian: she wants to watch a movie but no....
(70:25 / All) LilHeathen: Is he the pitcher or the catcher?
(70:30 / All) Krelian: whoops
(70:33 / All) Krelian: gf
(71:01 / All) LilHeathen: LORD FARSANKY
(71:02 / All) LilHeathen: WAS HERE
(71:33 / All) powerpower: lol a warmill
(71:37 / All) LilHeathen: bg